 Dungeon Crawl Stone Soup version 0.27-a0-1590-g15f69828bf (webtiles) character file.

Game seed: 14976536892254417768

158 Sin92 the Skirmisher (level 5, -7/42 HPs)
             Began as a Demonspawn Fighter on July 18, 2021.
             Mangled by a wyvern zombie (12 damage)
             ... on level 3 of the Dungeon.
             The game lasted 00:01:37 (2442 turns).

Sin92 the Skirmisher (Demonspawn Fighter)           Turns: 2442, Time: 00:01:37

Health: -7/42      AC:  6    Str: 17    XL:     5   Next: 16%
Magic:  5/5        EV:  7    Int:  9    God:
Gold:   101        SH: 10    Dex: 13    Spells: 4/4 levels left

rFire    . . .     SeeInvis .   a - +1 war axe
rCold    . . .     Faith    .   c - +1 kite shield
rNeg     . . .     Spirit   .   b - +0 scale mail
rPois    .         Reflect  .   (no helmet)
rElec    .         Harm     .   (no cloak)
rCorr    .         Rampage  .   (no gloves)
Will     .....                  (no boots)
Stlth    ..........             (no amulet)
HPRegen  0.14/turn              (no ring)
MPRegen  0.09/turn              (no ring)

@: mighty
A: powered by death 1, powered by pain 2
a: no special abilities


You were on level 3 of the Dungeon.
You visited 1 branch of the dungeon, and saw 3 of its levels.

You collected 101 gold pieces.

Inventory:

Hand Weapons
 a - a +1 war axe (weapon)
Armour
 b - a +0 scale mail (worn)
 c - a +1 kite shield (worn)
Jewellery
 l - an amulet of regeneration
Scrolls
 k - a scroll of enchant weapon
Potions
 e - a potion of resistance
 f - a potion of attraction {unknown}
 h - 2 potions of magic {unknown}
 n - a potion of cancellation


   Skills:
 + Level 3.7 Fighting
 + Level 2.6 Axes
 + Level 3.4 Armour
 + Level 1.7 Dodging
 + Level 3.4 Shields


You had 4 spell levels left.
You didn't know any spells.
Your spell library was empty.

Dungeon Overview and Level Annotations

Branches:
Dungeon (3/15)

Altars:


Innate Abilities, Weirdness & Mutations

You regenerate a little health from kills.
You sometimes gain power by taking damage.


Message History

You feel even more energised by your suffering.
You closely miss the gnoll.
The gnoll hits you from afar with a +0 spear.
The gnoll barely misses you. x2; The gnoll hits you with a +0 flail!
* * * LOW HITPOINT WARNING * * *
You slash the gnoll!
The gnoll is severely wounded.
The gnoll hits you from afar with a +0 spear.
* * * LOW HITPOINT WARNING * * *
The gnoll hits you with a +0 flail.
* * * LOW HITPOINT WARNING * * *
The gnoll hits you from afar with a +0 spear.
* * * LOW HITPOINT WARNING * * *
You feel much better. The gnoll hits you with a +0 flail.
The gnoll hits you from afar with a +0 spear.
You slash the gnoll!
You kill the gnoll!
You block the gnoll's attack. The gnoll hits you with a +0 spear.
Items here: ( )) †.
You closely miss the gnoll. You block the gnoll's attack.
The gnoll hits you but does no damage.
You barely miss the gnoll. You block the gnoll's attack.
You slice the gnoll!!
You kill the gnoll!
Things that are here:
a +0 spear; a gnoll corpse A wyvern zombie comes into view.
Found a stone staircase leading down.
You slice the wyvern zombie!!
The wyvern zombie is heavily damaged.
The wyvern zombie bites you! The wyvern zombie barely misses you.
You hit the wyvern zombie.
The wyvern zombie is severely damaged.
You block the wyvern zombie's attack. The wyvern zombie bites you!
* * * LOW HITPOINT WARNING * * *
You barely miss the wyvern zombie.
The wyvern zombie is severely damaged.
The wyvern zombie closely misses you. The wyvern zombie bites you!
You die...

#.#.....#
##...#.# #
##...## ##.##.#
# ##.## #.# ..
# #. #.# #..
#.. #.#.###.#
#. >#
........#####
#.
........#...###
#.#.#..........
# #..@#...###
#......Z.......
....##.........
#### #...>.....
###....###
....# ....#
.#.##


You could see a wyvern zombie.

Vanquished Creatures
  A hound (D:2)
  4 gnolls (D:3)
  3 adders (D:2)
  4 dart slugs
  2 orcs (D:2)
  3 endoplasms (D:1)
  4 goblins
  6 hobgoblins
  4 jackals (D:2)
  4 kobolds
  3 quokkas
  4 ball pythons
  7 bats
  2 frilled lizards
  3 rats
54 creatures vanquished.

Notes
Turn   | Place    | Note
-------+----------+-------------------------------------------
     0 | D:1      | Sin92 the Demonspawn Fighter began the quest for the Orb.
     0 | D:1      | Reached XP level 1. HP: 18/18 MP: 1/1
   151 | D:1      | Gained mutation: You sometimes gain a little power by
                  | taking damage. [demonic ancestry]
   151 | D:1      | Reached XP level 2. HP: 19/24 MP: 2/2
   248 | D:1      | Found a faded altar of an unknown god.
  1165 | D:2      | Gained mutation: You regenerate a little health from kills.
                  | [demonic ancestry]
  1165 | D:2      | Reached XP level 3. HP: 29/29 MP: 3/3
  1295 | D:2      | Reached skill level 1 in Dodging
  1966 | D:2      | Reached XP level 4. HP: 34/35 MP: 4/4
  2417 | D:3      | Gained mutation: You sometimes gain power by taking damage.
                  | [demonic ancestry]
  2417 | D:3      | Reached XP level 5. HP: 16/42 MP: 5/5
  2418 | D:3      | HP: 1/42 [gnoll (2)]
  2442 | D:3      | Mangled by a wyvern zombie

Illustrated notes

Levels and vault maps discovered:
D:1:      minmay_arrival_three_doors, layout_loops_ring,
          ebering_ecumenical_altar_mist, minmay_misc_feat_hallway,
          chequers_jeans, minmay_misc_feat_enclosed, minmay_misc_feat_columns
D:2:      layout_basic, hex_medium, corexii_shack, kennysheep_small_spiral,
          minmay_stone_trees_small, minmay_divided_ellipse
D:3:      layout_loops_ring, minmay_distorted, uniq_crazy_yiuf_cottage

Skill      XL: |  1  2  3 |
---------------+----------+-----
Axes           | 2 |  2.6
Shields        | 3 |  3.4
Armour         | 3 |  3.4
Dodging        | 1 |  1.7
Fighting       | |  3.7

Action                   |  1- 3 |  4- 6 || total
-------------------------+-------+-------++-------
Melee: War axe           |   102 |    49 ||   151
  Use: Scroll            |       |     6 ||     6
       Potion            |       |     2 ||     2
Armor: Scale mail        |    51 |    35 ||    86
Dodge: Dodged            |    49 |    26 ||    75
Block: Kite shield       |    61 |    44 ||   105

Table legend: (Time is in decaauts)
 A = Elapsed time spent in this place.
 B = Non-inter-level travel time spent in this place.
 C = Inter-level travel time spent in this place.
 D = Time resting spent in this place.
 E = Time spent auto-exploring this place.
 F = Levels seen in this place.
 G = Mean time per level.
                   A        B        C        D        E       F      G
               +--------+--------+--------+--------+--------+-----+--------+
         Total |   2537 |   2444 |     93 |      0 |   2056 |   3 |  845.7 |
       Dungeon |   2537 |   2444 |     93 |      0 |   2056 |   3 |  845.7 |
               +--------+--------+--------+--------+--------+-----+--------+

Top non-repeatable levels by time:
     D:2: 1395 daAuts
     D:1: 1082 daAuts
     D:3: 59 daAuts
